 Dungeon Crawl Stone Soup version 0.26.1-2-gb8aa6d0cf2 (webtiles) character file.

Game seed: 9508960066564948182

410 DasRunzen the Conjurer (level 6, -1/50 HPs)
             Began as a Demigod Conjurer on Feb 8, 2021.
             Killed from afar by an orc wizard (7 damage)
             ... with a magic dart
             ... on level 4 of the Dungeon.
             The game lasted 00:06:15 (3338 turns).

DasRunzen the Conjurer (Demigod Conjurer)           Turns: 3338, Time: 00:06:15

Health: -1/50      AC:  6    Str: 14    XL:     6   Next: 31%
Magic:  1/13       EV: 17    Int: 22    God:
Gold:   154        SH:  4    Dex: 14    Spells: 8/11 levels left

rFire    . . .     SeeInvis .   k - +3 flail
rCold    . . .     Faith    .   (no shield)
rNeg     . . .     Spirit   .   a - +1 robe
rPois    .         Reflect  .   (no helmet)
rElec    .         Harm     .   p - +2 cloak
rCorr    .         Rampage  .   (no gloves)
Will     .....                  (no boots)
Stlth    ++........             c - amulet of regeneration
HPRegen  0.56/turn              h - +4 ring of evasion
MPRegen  0.13/turn              (no ring)

@: no status effects
A: large bone plates 1, high mp 1, MP-powered wands
a: no special abilities


You were on level 4 of the Dungeon.
You visited 1 branch of the dungeon, and saw 4 of its levels.

You collected 154 gold pieces.

Inventory:

Hand Weapons
 k - a +3 flail (weapon)
Armour
 a - a +1 robe (worn)
 p - a +2 cloak (worn)
Jewellery
 c - an amulet of regeneration (around neck)
 h - a +4 ring of evasion (left hand)
Scrolls
 b - a scroll of remove curse
 g - 3 scrolls of fog
 j - a scroll of immolation
Potions
 d - 2 potions of lignification
 e - a potion of mutation
 i - a potion of magic {unknown}
 l - a potion of berserk rage {unknown}
 m - a potion of haste {unknown}
 o - a potion of resistance {unknown}


   Skills:
 + Level 2.4 Fighting
 + Level 2.4 Armour
 + Level 3.2 Dodging
 - Level 1.7 Stealth
 + Level 3.1 Spellcasting
 + Level 4.5 Conjurations


You had 8 spell levels left.
You knew the following spells:

 Your Spells              Type           Power        Failure   Level
a - Magic Dart            Conj           92%          1%          1
b - Searing Ray           Conj           46%          2%          2

Your spell library contained the following spells:

 Spells                   Type           Power        Failure   Level
 Dazzling Flash           Conj/Hex       26%          14%         3
 Fulminant Prism          Conj/Hex       6%           43%         4
 Iskenderun's Mystic Bla  Conj/Tloc      13%          43%         4


Dungeon Overview and Level Annotations

Branches:
Dungeon (4/15)
 Temple: D:4-7

Annotations:
D:3 1 runed translucent door


Innate Abilities, Weirdness & Mutations

You have an increased reservoir of magic. (+10% MP)
You are partially covered in large bone plates. (SH +4)
You expend magic power (3 MP) to strengthen your wands.


Message History

* * * LOW HITPOINT WARNING * * *
The adder skeleton barely misses you.
Casting: Searing Ray (safe; 2% risk of failure)
Confirm with . or Enter, or press ? or * to list all spells.
Aiming: Searing Ray (safe; 2% risk of failure)
Press: ? - help, Shift-Dir - straight line, f - orc wizard
Aim: an orc wizard, wielding a +2 dagger of protection and wearing a +0 robe (moderately wounded, fast, 28% to evade)
The searing ray hits the orc wizard but does no damage.
The orc wizard is moderately wounded.
The searing ray misses the adder skeleton. (Press . to maintain the ray.)
The orc wizard closely misses you.
An orc comes into view.
The orc wizard hits you with a +2 dagger of protection.
* * * LOW HITPOINT WARNING * * *
The searing ray hits the orc wizard!
The orc wizard is almost dead.
The orc wizard points at you and mumbles some strange words.
The magic dart hits you!
You die...

#≈≈§ #..# #≈_§≈#..#
#≈⌠>≈#..# #≈≈≈≈#..#
########
######..########......#
...............#......#
..........#....#......#
...............#......#
#.#########....#@.....# .
#.# ####....#oZ.#### ..
#.# ###....##...### ...
..# #...######..# ...# .##
#.#####.....### ...#
.#####.#......#...)###...#
.......#.....#####......#
.#####......# ####.......
............ .......


You could see an orc wizard (fast) and an adder skeleton.

Vanquished Creatures
  Grinder (D:3)
  An orc priest (D:4)
  Jessica (D:2)
  5 adders
  4 gnolls
  An ooze (D:3)
  2 worms (D:2)
  A dart slug (D:1)
  4 leopard geckos
  2 giant cockroaches
  8 goblins
  9 hobgoblins
  A quokka (D:2)
  11 bats
  A frilled lizard (D:3)
  5 kobolds
  8 rats
65 creatures vanquished.

Notes
Turn   | Place    | Note
-------+----------+-------------------------------------------
     0 | D:1      | DasRunzen the Demigod Conjurer began the quest for the Orb.
     0 | D:1      | Reached XP level 1. HP: 14/14 MP: 5/5
   168 | D:1      | Reached XP level 2. HP: 10/22 MP: 1/7
   381 | D:1      | Learned a level 2 spell: Searing Ray
   911 | D:1      | Reached XP level 3. HP: 27/27 MP: 6/8
  1241 | D:1      | Reached skill level 1 in Fighting
  1401 | D:2      | Reached skill level 1 in Armour
  1571 | D:2      | Found an iron altar of Okawaru.
  1855 | D:2      | Reached skill level 4 in Conjurations
  1855 | D:2      | Reached XP level 4. HP: 21/35 MP: 3/10
  2114 | D:2      | Noticed Jessica
  2116 | D:2      | Killed Jessica
  2387 | D:2      | Gained mutation: You are partially covered in large bone
                  | plates. (SH +4) [potion of mutation]
  2387 | D:2      | Gained mutation: You expend magic power (3 MP) to
                  | strengthen your wands. [potion of mutation]
  2460 | D:2      | Found a sparkling altar of Nemelex Xobeh.
  2764 | D:3      | Reached XP level 5. HP: 41/41 MP: 11/11
  2911 | D:3      | Found a bloodstained altar of Trog.
  2940 | D:3      | Found a glowing golden altar of the Shining One.
  2940 | D:3      | Found a runed translucent door.
  2940 | D:3      | Noticed an angel
  3009 | D:3      | Noticed Grinder
  3022 | D:3      | Killed Grinder
  3023 | D:3      | Reached XP level 6. HP: 43/49 MP: 0/13
  3268 | D:4      | Found a shadowy altar of Dithmenos.
  3338 | D:4      | Killed from afar by an orc wizard

Illustrated notes

Levels and vault maps discovered:
D:1:      tarquinn_simple_flora_water_f, layout_loops_cross,
          hangedman_decor_growths
D:2:      layout_basic, nemelex_altar_shiori, overflow_temple_1_default,
          grunt_ministairs_6, uniq_jessica
D:3:      layout_rooms, bloody_trog, lemuel_angel_altar, uniq_grinder
D:4:      layout_rooms, general_overflow_altar, minmay_temple_entry_waves

Skill      XL: |  1  2  3  4  5 |
---------------+----------------+-----
Dodging        | 2 3 |  3.2
Spellcasting   | 2 3 |  3.1
Fighting       | 1 2 |  2.4
Armour         | 1 2 |  2.4
Conjurations   | 4 |  4.5
Stealth        | |  1.7

Action                   |  1- 3 |  4- 6 || total
-------------------------+-------+-------++-------
Melee: Dagger            |     7 |       ||     7
       Unarmed           |     2 |       ||     2
       Flail             |       |    28 ||    28
 Cast: Magic Dart        |    67 |    22 ||    89
       Searing Ray       |     3 |    12 ||    15
  Use: Scroll            |     5 |     7 ||    12
       Potion            |       |     2 ||     2
 Stab: Sleeping          |       |     2 ||     2
Armor: Robe              |     2 |     8 ||    10
Dodge: Dodged            |     7 |    36 ||    43
Block: Other             |       |     8 ||     8
